 Dungeon Crawl Stone Soup version 0.28-a0-664-gc179e30c89 (webtiles) character file.

Game seed: 3206699958161902768

103 ytrimaz the Ducker (level 4, 0/31 HPs)
             Began as an Octopode Fighter on Oct 16, 2021.
             Slain by Sigmund (5 damage)
             ... on level 3 of the Dungeon.
             The game lasted 00:03:04 (2500 turns).

ytrimaz the Ducker (Octopode Fighter)               Turns: 2500, Time: 00:03:04

Health: 0/31       AC:  3    Str: 14 (15) XL:     4   Next: 79%
Magic:  4/4        EV: 14    Int: 16 (18) God:
Gold:   19         SH:  4    Dex: 10 (12) Spells: 3/3 levels left

rFire   + . .      SeeInvis .   a - +0 rapier
rCold   + . .      Faith    .   b - +0 buckler
rNeg    . . .      Spirit   .   (helmet restricted)
rPois   +          Reflect  .   (no amulet)
rElec   +          Harm     .   i - +6 ring of intelligence
rCorr   +          Rampage  .   (no ring)
Will    .....                   (no ring)
Stlth   ++........              (no ring)
HPRegen 0.10/turn               (no ring)
MPRegen 0.09/turn               (no ring)
                                (no ring)
                                (no ring)

@: resistant, flying
A: almost no armour, amphibious, 8 rings, camouflage 1, gelatinous body 1,
(nimble swimmer 1), tentacles, iridescent scales 1, clever 1
a: no special abilities


You were on level 3 of the Dungeon.
You visited 1 branch of the dungeon, and saw 3 of its levels.

You collected 19 gold pieces.

Inventory:

Hand Weapons
 a - a +0 rapier (weapon)
 o - a +0 dagger
Armour
 b - a +0 buckler (worn)
 h - a +0 kite shield
Jewellery
 f - a ring of fire
 i - a +6 ring of intelligence (left tentacle)
Potions
 j - a potion of flight


   Skills:
 - Level 3.0 Fighting
 - Level 2.0 Short Blades
 * Level 4.6 Dodging
 - Level 4.0 Shields


You had 3 spell levels left.
You didn't know any spells.
Your spell library contained the following spells:

 Spells                   Type           Power      Damage    Failure   Level
 Scorch                   Fire           0%         2d5       36%         2
 Flame Wave               Conj/Fire      0%         3d3       94%         4
 Summon Cactus Giant      Summ           0%         N/A       100%        6


Dungeon Overview and Level Annotations

Branches:
Dungeon (3/15)

Altars:
Xom

Annotations:
D:3 Sigmund


Innate Abilities, Weirdness & Mutations

You cannot wear most types of armour.
You are amphibious.
You can wear up to eight rings at the same time.
Your skin changes colour to match your surroundings (Stealth+).
Your rubbery body absorbs attacks. (AC +1, EV +1)
((You are camouflaged near water. (Stealth+)))
You have tentacles for arms and can constrict up to eight enemies at once.
You are partially covered in iridescent scales. (AC +2)
Your mind is acute. (Int +2)


Message History

You hit something.
Unknown command.
You barely miss something. You squeeze something. The adder zombie misses you.
Something hits you.
Unknown command.
You closely miss something. The adder zombie closely misses you.
You miss something. Something barely misses you.
The adder zombie bites you but does no damage.
You miss something. You block the adder zombie's attack.
Unknown command.
You barely miss something. Your squeeze misses something. Something hits you.
You miss something. The adder zombie completely misses you.
You barely miss something.
Your extra speed is starting to run out.
The adder zombie closely misses you. Something hits you.
You miss something. The adder zombie misses you.
Unknown command.
You barely miss something. You squeeze something.
Something hits you but does no damage. The adder zombie barely misses you.
You hit something. Your squeeze misses something. You barely miss something.
Your squeeze misses something. You block the adder zombie's attack.
Something barely misses you.
Unknown command.
You miss something. The adder zombie bites you.
You puncture something! Something hits you!
* * * LOW HITPOINT WARNING * * *
The adder zombie barely misses you.
Unknown command.
You miss something.
Unknown command.
Okay, then.
You closely miss something.
You feel yourself slow down.
The adder zombie bites you but does no damage.
Something hits you but does no damage.
You closely miss something. You block the adder zombie's attack.
You barely miss something. The adder zombie bites you.
* * * LOW HITPOINT WARNING * * *
Something hits you.
You die...

*,####.......,,,,**,*
*,*###......!,,,,**,*
*,*#.......##*+****,*
*,*#.......#**,,,**,*
#,*#.......#*,,,,,,,*
#.##.......#*,,,,**,,
#..'....§§.#*,,****,*
***#.....§.#*,,,,,,,,
#@{§..§§#*,*****,*
#§Z.§§§§#*,* *,*
#§§§§§§.#*,*****,*
##§§§§§##*,,,,,,,*
#§§§§## *********
#..§§# ######


You could see an adder zombie.

Vanquished Creatures
  Robin (D:3)
  3 adders
  An adder zombie (D:3)
  A worm (D:2)
  A dart slug (D:2)
  4 ball pythons
  3 endoplasms
  A giant cockroach (D:1)
  6 hobgoblins
  3 jackals (D:3)
  6 bats
  3 frilled lizards
  13 goblins
  3 kobolds
  A quokka skeleton (D:3)
  6 rats
56 creatures vanquished.

Vanquished Creatures (others)
  A withered plant (D:3)
1 creature vanquished.

Grand Total: 57 creatures vanquished

Notes
Turn   | Place    | Note
-------+----------+-------------------------------------------
     0 | D:1      | ytrimaz the Octopode Fighter began the quest for the Orb.
     0 | D:1      | Reached XP level 1. HP: 16/16 MP: 1/1
   418 | D:1      | Found a faded altar of an unknown god.
   573 | D:1      | Reached XP level 2. HP: 21/21 MP: 2/2
  1133 | D:2      | Reached XP level 3. HP: 15/26 MP: 3/3
  1805 | D:3      | Reached XP level 4. HP: 27/31 MP: 4/4
  1808 | D:3      | Noticed Sigmund
  1961 | D:3      | Noticed Robin
  1972 | D:3      | Killed Robin
  2447 | D:3      | Found a shimmering altar of Xom.
  2455 | D:3      | Gained mutation: You are partially covered in iridescent
                  | scales. (AC +2) [potion of mutation]
  2455 | D:3      | Gained mutation: Your mind is acute. (Int +2) [potion of
                  | mutation]
  2500 | D:3      | Slain by Sigmund

Illustrated notes

Levels and vault maps discovered:
D:1:      dpeg_arrival_snail, layout_basic,
          hellmonk_ecumenical_altar_inner_sanctum
D:2:      minmay_wonky_spiral, layout_rooms, kennysheep_generic_room_5
D:3:      layout_basic, led_xom_imps, serial_undead, serial_undead_a,
          serial_undead_a, serial_undead_a, serial_undead_b, uniq_robin,
          uniq_sigmund

Skill      XL: |  1  2  3  4 |
---------------+-------------+-----
Dodging        | 4 |  4.6
Shields        | 4 |  4.0
Fighting       | |  3.0
Short Blades   | |  2.0

Action                   |  1- 3 |  4- 6 || total
-------------------------+-------+-------++-------
Melee: Rapier            |    63 |    66 ||   129
       Constrict         |    18 |    13 ||    31
       Tentacles         |     6 |     6 ||    12
  Use: Potion            |       |     9 ||     9
       Scroll            |       |     2 ||     2
 Stab: Sleeping          |     8 |       ||     8
       Distracted        |     1 |       ||     1
Armor: Skin              |     3 |    13 ||    16
Dodge: Dodged            |    36 |    50 ||    86
Block: Buckler           |    15 |    16 ||    31

Table legend: (Time is in decaauts)
 A = Elapsed time spent in this place.
 B = Non-inter-level travel time spent in this place.
 C = Inter-level travel time spent in this place.
 D = Time resting spent in this place.
 E = Time spent auto-exploring this place.
 F = Levels seen in this place.
 G = Mean time per level.
                   A        B        C        D        E       F      G
               +--------+--------+--------+--------+--------+-----+--------+
         Total |   2497 |   2429 |     68 |    283 |   1698 |   3 |  832.3 |
       Dungeon |   2497 |   2429 |     68 |    283 |   1698 |   3 |  832.3 |
               +--------+--------+--------+--------+--------+-----+--------+

Top non-repeatable levels by time:
     D:1: 1053 daAuts
     D:2: 740 daAuts
     D:3: 703 daAuts
